Map: Laboratori Avalon

Players

Mørtebianca - Winner!

  • Race: Zerg Zerg
  • League: Diamond

Space - Winner!

  • Race: Terran Terran
  • League: Diamond

Jhyrachy - Winner!

  • Race: Zerg Zerg
  • League: Silver

ChAoZ

  • Race: Protoss Protoss

iSneeze

  • Race: Terran Terran

SEASSEES

  • Race: Zerg Zerg
  • League: Platinum

VOD

Have the link to the VOD?

Description

Time

  • Played on: Dec. 9, 2015, 3:48 p.m.
  • Length: 15:48
Show
View Real Time Build Order
Export as new Build Order

Mørtebianca Zerg - Winner!

Build Orders: Hatch First 

Get SALT Encoding   

  12  0:01  Drone  
  13  0:08  Drone  
  14  0:16  Overlord  
  14  0:35  Drone x3  
  17  0:55  Hatchery  
  16  1:00  Drone  
  16  1:03  Extractor  
  16  1:17  Drone  
  17  1:22  Spawning Pool  
  17  1:23  Drone x2  
  18  1:29  Drone  
  19  1:39  Drone  
  20  1:50  Overlord  
  20  2:06  Drone  
  20  2:08  Drone  
  22  2:22  Drone x2  
  24  2:23  Drone  
  24  2:29  Hatchery, Drone  
  25  2:33  Drone, Metabolic Boost  
  26  2:40  Drone, Queen  
  26  2:43  Drone  
  30  2:50  Drone  
  31  2:54  Drone  
  32  3:01  Drone  
  33  3:06  Queen  
  33  3:08  Overlord  
  35  3:14  Drone  
  36  3:20  Overlord  
  36  3:25  Queen  
  36  3:26  Drone  
  36  3:27  Drone  
  40  3:31  Extractor  
  39  3:42  Queen  
  39  3:46  Drone x4  
  45  3:50  Drone  
  46  3:55  Drone  
  46  3:56  Drone, Extractor  
  46  3:59  Drone  
  46  4:01  Hatchery  
  47  4:07  Zergling x2  
  47  4:08  Zergling x8  
  53  4:17  Zergling x6  
  51  4:33  Zergling x10  
  50  4:39  Zergling x6  
  53  4:46  Zergling x2  
  53  4:51  Zergling x2  
  53  4:52  Zergling x2  
  54  4:56  Zergling x2  
  53  5:00  Overlord  
  53  5:01  Spine Crawler x3  
  53  5:05  Lair, Roach Warren  
  49  5:09  Zergling x2  
  49  5:10  Evolution Chamber  
  49  5:12  Evolution Chamber  
  48  5:20  Drone  
  48  5:21  Drone x4  
  51  5:32  Drone x2  
  51  5:33  Drone x2  
  55  5:37  Drone  
  55  5:42  Drone x2  
  58  5:43  Drone  
  58  5:45  Drone  
  60  5:53  Zerg Missile Weapons Level 1  
  59  6:08  Overlord  
  59  6:10  Extractor  
  58  6:11  Glial Reconstitution  
  58  6:14  Zerg Ground Armor Level 1  
  60  6:18  Roach  
  60  6:19  Roach x4  
  67  6:39  Roach x5  
  80  6:40  Overlord, Roach x2  
  80  6:58  Drone x5  
  80  6:59  Overlord x2  
  80  7:00  Drone  
  88  7:01  Drone x2  
  88  7:18  Burrow, Hydralisk Den  
  87  7:24  Roach  
  87  7:25  Roach x5  
  103  7:30  Tunneling Claws, Roach x2  
  101  7:45  Roach  
  101  7:46  Overlord x4  
  101  7:47  Overlord  
  103  7:51  Zerg Missile Weapons Level 2  
  103  7:54  Drone  
  104  7:58  Overlord  
  104  7:59  Overlord  
  104  8:12  Hydralisk Den  
  103  8:13  Zerg Ground Armor Level 2  
  103  8:29  Roach  
  103  8:30  Roach x9  
  123  8:35  Muscular Augments  
  123  8:45  Hydralisk x2  
  123  8:47  Hydralisk  
  129  9:02  Roach x3  
  136  9:03  Roach x3  
  136  9:06  Drone x4  
  136  9:15  Lurker Den  
  136  9:16  Roach x31  
  136  9:21  Extractor  
  136  9:22  Extractor  
  136  9:23  Drone x3  
  134  9:24  Drone x2  
  134  9:25  Drone x2  
  134  9:26  Drone x6  
  144  9:32  Roach x28  
  142  9:42  Roach x28  
  138  9:53  Roach x24  
  132  10:13  Roach x17  
  130  10:17  Hydralisk x6  
  130  10:18  Hydralisk x6  
  120  10:45  Infestation Pit  
  105  10:57  Hatchery  
  105  10:59  Hydralisk  
  105  11:00  Hydralisk x8  
  105  11:01  Hydralisk  
  124  11:04  Hatchery  
  122  11:21  Hydralisk x3  
  122  11:22  Hydralisk  
  128  11:36  Hydralisk  
  128  11:37  Hydralisk x3  
  134  11:46  Hydralisk  
  134  11:47  Hydralisk x2  
  138  11:55  Hydralisk x3  
  143  12:18  Drone x2  
  143  12:19  Drone x5  
  143  12:22  Drone x5  
  155  12:24  Extractor  
  155  12:26  Extractor  
  155  12:27  Drone x3  
  155  12:29  Drone  
  157  12:31  Drone  
  157  12:33  Drone  
  159  12:37  Extractor  
  159  12:40  Extractor  
  157  12:56  Nydus Network  
  156  13:00  Hydralisk x7  
  170  13:06  Hive  
  170  13:08  Drone  
  170  13:12  Overlord  
  171  13:13  Overlord  
  171  13:15  Overlord  
  171  13:20  Overlord  
  171  13:21  Overlord  
  171  13:24  Overlord  
  171  13:33  Overlord x3  
  171  13:34  Pneumatized Carapace  
  171  13:40  Nydus Canal  
  171  14:07  Nydus Canal  
  171  14:10  Hydralisk x13  
  171  14:11  Hydralisk  
  159  14:56  Hydralisk x10  
  159  14:57  Hydralisk x7  
  159  14:59  Hydralisk  
Show
View Real Time Build Order
Export as new Build Order

Space Terran - Winner!

Build Orders: Reaper Expand, MMM Bio 

Get SALT Encoding   

  12  0:02  SCV  
  13  0:14  SCV  
  14  0:21  Supply Depot  
  14  0:26  SCV  
  15  0:43  SCV  
  15  0:46  Barracks  
  15  0:47  Refinery  
  16  0:55  SCV  
  17  1:07  SCV  
  18  1:25  SCV  
  19  1:39  Orbital Command  
  19  1:43  Reaper  
  20  1:51  Command Center  
  20  2:10  SCV  
  20  2:11  Refinery  
  21  2:22  SCV  
  22  2:34  SCV  
  22  2:35  Supply Depot, Factory  
  22  2:38  Barracks  
  22  2:46  SCV  
  22  2:50  Bunker  
  22  2:58  SCV  
  22  3:02  Marine  
  24  3:08  Barracks  
  24  3:10  Orbital Command, SCV  
  25  3:21  Widow Mine  
  25  3:22  SCV  
  25  3:24  Barracks Reactor  
  25  3:26  Marine  
  29  3:38  SCV  
  29  3:39  SCV  
  29  3:41  Starport  
  31  3:44  Marine  
  32  3:54  SCV  
  33  3:57  Barracks Tech Lab  
  33  3:59  Widow Mine  
  31  4:10  Marine x2  
  31  4:15  SCV x2  
  30  4:21  Marine x2  
  30  4:27  Marine  
  30  4:28  Marine  
  28  4:38  Marine  
  28  4:39  Marine  
  28  4:44  Hellion  
  28  4:45  Marine x2  
  30  4:46  Medivac  
  34  4:53  SCV x2  
  34  4:56  Marine x2  
  37  5:03  Marine x2  
  36  5:14  Marine x2  
  38  5:24  Starport Reactor  
  38  5:26  Factory Reactor  
  36  5:31  SCV x2  
  38  5:37  Stimpack  
  38  5:43  SCV x2  
  38  5:45  Marine  
  38  5:47  Marine  
  38  5:48  Marine  
  43  5:50  Command Center, Barracks Tech Lab  
  43  5:55  SCV x2  
  45  6:07  SCV x2  
  46  6:35  Widow Mine, Marine x4  
  46  6:36  SCV x2  
  45  6:47  Barracks  
  45  6:48  SCV  
  45  6:49  Barracks  
  46  6:54  Supply Depot  
  46  6:55  Supply Depot  
  46  6:57  Marauder x2, SCV  
  46  7:00  SCV  
  52  7:09  SCV  
  52  7:12  Orbital Command, SCV  
  52  7:15  Marine x2  
  56  7:19  Marauder x2  
  56  7:20  Medivac  
  56  7:21  SCV  
  63  7:24  SCV  
  64  7:33  SCV  
  64  7:35  Barracks Tech Lab  
  64  7:36  SCV  
  66  7:37  Barracks Reactor  
  66  7:40  Marauder  
  68  7:44  SCV  
  68  7:45  SCV  
  68  7:48  SCV  
  68  7:51  Engineering Bay x2  
  71  7:52  Medivac  
  71  7:55  Combat Shields  
  71  7:56  SCV  
  74  8:03  Marauder, Marine  
  77  8:06  Refinery  
  77  8:08  Refinery  
  77  8:09  SCV, Barracks  
  77  8:10  SCV x2, Barracks x2  
  66  8:42  Marine, Medivac x2  
  66  8:43  Marauder x2, Marine x2  
  66  8:45  SCV x3  
  66  8:46  Marine x2  
  82  8:57  SCV x3  
  85  9:12  Marine, SCV  
  85  9:14  Marine  
  85  9:15  Marine x2  
  85  9:18  SCV  
  85  9:20  Marauder  
  85  9:22  Marine  
  85  9:25  Marine x2, SCV  
  85  9:26  SCV  
  85  9:27  Medivac  
  85  9:31  Marine  
  85  9:35  Marine  
  85  9:36  SCV  
  85  9:37  Barracks Reactor, Barracks Tech Lab x2  
  85  9:41  Supply Depot x2  
  85  9:42  Supply Depot  
  85  9:43  Supply Depot x2  
  85  9:49  Terran Infantry Weapons Level 1  
  85  9:50  Terran Infantry Armor Level 1  
  85  9:53  Widow Mine x2, Marine x2  
  85  9:54  Marauder  
  85  9:55  Supply Depot x2  
  93  10:02  Marine x4  
  97  10:11  Marine x2  
  94  10:16  Marine x5  
  94  10:17  Medivac  
  94  10:18  Medivac  
  94  10:20  Marauder x2, Marine x2  
  106  10:22  Widow Mine x2  
  106  10:23  Refinery  
  106  10:24  Refinery  
  110  10:29  Marine x2  
  110  10:34  Marine x3  
  110  10:35  Marauder x2  
  119  10:38  Marine x2  
  119  10:42  Marauder  
  123  10:47  Medivac  
  121  10:50  Widow Mine x2  
  115  11:05  Marine  
  115  11:06  Marauder x2, Marine x3  
  115  11:07  Marine x5  
  101  11:23  Marine  
  101  11:24  Marine x7  
  101  11:25  Marine  
  104  11:27  Marine x2  
  104  11:28  SCV x2  
  104  11:36  Widow Mine x2  
  104  11:37  Medivac x2  
  106  11:41  Marine x2  
  106  11:42  Marine x6  
  106  11:43  Marauder  
  106  11:45  Marine  
  106  11:46  Marauder  
  119  11:59  Marine x3  
  119  12:00  Marine x4  
  119  12:01  Marauder  
  128  12:02  SCV x3  
  128  12:03  Marauder  
  128  12:04  Widow Mine, Marine  
  128  12:06  Marine  
  128  12:07  Medivac  
  139  12:14  SCV x3  
  142  12:17  Marine x2  
  142  12:26  Command Center  
  137  12:37  Starport x3  
  128  12:40  Marauder x2, Marine x2  
  125  12:45  Marine x2  
  125  12:46  Marauder x2  
  128  13:03  Marine x4  
  128  13:04  Marauder x3  
  138  13:07  Marauder x2  
  142  13:25  Marauder  
  144  13:35  Command Center  
  144  13:36  Marauder, Marine x3  
  144  13:38  Marauder x2  
  138  14:08  Marauder x3, Marine x4  
  138  14:09  Marauder  
  150  14:14  Marine x2  
  150  14:15  Marauder  
  150  14:16  Medivac x2  
  147  14:25  Starport Tech Lab x3  
  147  14:30  Marauder  
  95  14:41  Marauder, Marine x3  
  95  14:42  Marauder x3, Marine x3  
  109  14:46  Medivac x2  
  109  14:51  Marauder  
  115  14:54  Refinery x3  
  115  14:59  Marine x4  
  118  15:00  Marine  
  118  15:03  Marauder x3  
  118  15:04  Marauder  
  119  15:09  Fusion Core  
  119  15:10  Armory  
  119  15:12  Armory, Marauder  
  121  15:24  Marauder, Marine x3  
Show
View Real Time Build Order
Export as new Build Order

Jhyrachy Zerg - Winner!

Build Orders: Pool First 

Get SALT Encoding   

  12  0:02  Drone  
  13  0:13  Overlord  
  13  0:21  Drone  
  14  0:38  Drone x2  
  14  0:39  Drone  
  17  1:06  Extractor  
  16  1:15  Drone  
  16  1:16  Spawning Pool  
  16  1:18  Hatchery  
  15  1:20  Drone  
  15  1:24  Drone  
  17  1:31  Drone  
  18  1:45  Drone  
  19  2:03  Queen  
  19  2:06  Metabolic Boost  
  21  2:22  Drone x2, Extractor  
  22  2:24  Overlord  
  22  2:31  Queen  
  22  2:34  Drone  
  25  2:57  Drone x2  
  27  3:19  Hatchery  
  26  3:23  Queen  
  28  3:40  Roach Warren  
  27  3:44  Drone  
  27  3:45  Drone x8  
  27  3:47  Overlord  
  36  4:40  Roach x6  
  36  4:41  Roach  
  36  4:42  Overlord x2  
  36  4:43  Overlord  
  44  4:50  Roach  
  44  4:51  Roach x3  
  27  5:09  Queen  
  27  5:11  Queen  
  31  5:28  Drone x5  
  36  5:46  Drone  
  36  5:47  Drone  
  38  6:16  Queen  
  40  6:21  Drone x2  
  40  6:22  Drone  
  43  6:26  Drone x3  
  43  6:27  Drone x3  
  43  6:32  Drone x3  
  52  6:46  Extractor  
  51  6:49  Drone  
  53  6:54  Drone x5  
  53  6:59  Drone  
  53  7:00  Drone x2, Extractor  
  59  7:03  Drone  
  60  7:16  Drone x3  
  60  7:20  Lair  
  63  7:39  Overlord x3  
  63  7:40  Overlord  
  63  8:01  Drone  
  63  8:02  Drone x4  
  68  8:27  Roach Warren  
  68  8:29  Burrow  
  67  8:44  Queen  
  67  8:47  Hatchery  
  68  8:50  Extractor  
  68  8:53  Drone x3  
  68  8:55  Extractor, Drone  
  69  8:56  Drone x2  
  72  9:13  Glial Reconstitution  
  72  9:37  Evolution Chamber  
  71  9:40  Evolution Chamber  
  70  9:49  Overlord  
  70  9:50  Overlord x5  
  70  10:16  Spire  
  69  10:25  Spire  
  68  10:32  Tunneling Claws  
  68  11:19  Hatchery  
  68  11:24  Overlord x4  
  67  11:29  Zerg Flyer Weapons Level 1  
  67  11:32  Corruptor x6  
  69  11:33  Corruptor x18  
  115  11:40  Zerg Flyer Armor Level 1  
  111  13:24  Queen  
  111  13:26  Drone x3  
  116  13:39  Zerg Ground Armor Level 1, Zerg Melee Weapons Level 1  
  72  15:16  Corruptor  
  72  15:17  Corruptor x14  
  72  15:18  Corruptor x16  
Show
View Real Time Build Order
Export as new Build Order

ChAoZ Protoss 

Build Orders: Double Forge 

Get SALT Encoding   

  12  0:02  Probe (Chrono Boost)  
  13  0:15  Pylon  
  13  0:18  Probe (Chrono Boost)  
  14  0:29  Probe (Chrono Boost)  
  15  0:39  Gateway  
  15  0:40  Probe (Chrono Boost)  
  16  0:51  Assimilator  
  16  0:53  Probe (Chrono Boost)  
  18  1:04  Probe (Chrono Boost)  
  18  1:05  Pylon  
  18  1:14  Probe (Chrono Boost)  
  19  1:25  Probe (Chrono Boost)  
  20  1:28  Zealot  
  20  1:31  Cybernetics Core  
  22  1:36  Probe (Chrono Boost)  
  23  1:46  Probe (Chrono Boost)  
  24  1:57  Probe (Chrono Boost)  
  25  2:05  Nexus  
  25  2:13  Assimilator  
  25  2:23  Gateway  
  25  2:50  Pylon  
  25  2:58  Twilight Council  
  25  3:08  Pylon  
  25  3:09  Pylon  
  25  3:10  Pylon  
  25  3:15  Assimilator  
  25  3:18  Probe (Chrono Boost)  
  25  3:19  Assimilator  
  26  3:28  Probe (Chrono Boost)  
  26  3:31  Zealot x2  
  31  3:39  Probe (Chrono Boost)  
  32  3:49  Probe (Chrono Boost)  
  33  3:57  Stargate  
  33  3:58  Stargate  
  33  4:00  Probe (Chrono Boost)  
  34  4:15  Forge x2, Probe (Chrono Boost)  
  35  4:25  Probe (Chrono Boost)  
  35  4:26  Probe (Chrono Boost)  
  37  4:36  Probe x2 (Chrono Boost)  
  39  4:46  Probe (Chrono Boost)  
  39  4:47  Probe (Chrono Boost)  
  41  4:55  Fleet Beacon  
  41  4:57  Probe x2 (Chrono Boost)  
  43  5:04  Zealot x2  
  47  5:08  Probe (Chrono Boost)  
  47  5:11  Mothership Core (Chrono Boost)  
  50  5:18  Probe (Chrono Boost)  
  51  5:29  Probe (Chrono Boost)  
  51  5:34  Pylon  
  51  5:35  Pylon  
  52  5:37  Pylon  
  52  5:40  Probe (Chrono Boost)  
  53  5:50  Probe (Chrono Boost)  
  54  5:58  Nexus  
  54  6:01  Probe (Chrono Boost)  
  54  6:02  Assimilator  
  55  6:06  Assimilator  
  53  6:11  Probe (Chrono Boost)  
  47  6:22  Probe (Chrono Boost)  
  48  6:36  Carrier x2  
  60  6:47  Probe (Chrono Boost)  
  61  6:58  Probe (Chrono Boost)  
  68  7:08  Probe (Chrono Boost)  
  69  7:17  Probe (Chrono Boost)  
  69  7:19  Probe (Chrono Boost)  
  71  7:26  Probe (Chrono Boost)  
  71  7:28  Probe (Chrono Boost)  
  73  7:36  Probe  
  73  7:38  Probe  
  75  7:45  Protoss Air Weapons Level 1 (Chrono Boost)  
  75  7:46  Probe  
  75  7:49  Probe  
  75  7:51  Protoss Shields Level 1 (Chrono Boost)  
  77  7:56  Cybernetics Core  
  77  7:57  Probe  
  77  8:04  Carrier x2  
  90  8:10  Probe  
  91  8:19  Graviton Catapult  
  91  8:21  Probe  
  92  8:33  Probe  
  93  8:42  Robotics Facility  
  93  8:45  Probe  
  93  8:46  Protoss Air Armor Level 1 (Chrono Boost)  
  84  9:20  Stargate  
  84  9:21  Stargate  
  84  9:30  Carrier x2  
  96  9:32  Observer  
  97  9:53  Observer  
  97  10:03  Nexus  
  97  10:52  Pylon x2  
  97  10:54  Pylon  
  97  10:55  Pylon x2  
  97  10:57  Pylon  
  97  11:10  Carrier  
  103  11:11  Carrier  
  109  12:06  Probe  
  110  12:14  Protoss Shields Level 2  
  110  12:20  Protoss Air Weapons Level 2 (Chrono Boost)  
  110  12:36  Protoss Air Armor Level 2 (Chrono Boost)  
  110  12:46  Carrier x2  
  122  13:44  Carrier x2  
Show
View Real Time Build Order
Export as new Build Order

iSneeze Terran 

Build Orders:  

Get SALT Encoding   

  12  0:02  SCV  
  13  0:15  SCV  
  14  0:24  Supply Depot  
  14  0:27  SCV  
  15  0:29  Refinery  
  15  0:46  SCV  
  15  0:47  Barracks  
  16  1:00  SCV  
  17  1:11  Refinery  
  17  1:14  SCV  
  18  1:28  Barracks  
  18  1:41  Barracks Reactor  
  18  1:48  Supply Depot  
  18  1:58  Factory  
  18  2:00  SCV  
  19  2:21  Barracks Reactor  
  19  2:23  Reaper x2  
  19  2:29  Orbital Command  
  21  2:56  Reaper x2  
  23  3:05  Reaper x2  
  25  3:08  SCV  
  25  3:12  Factory Tech Lab  
  26  3:20  SCV  
  27  3:32  SCV  
  27  3:33  Reaper x2  
  30  3:37  Reaper  
  31  3:52  Supply Depot  
  31  3:54  Supply Depot  
  31  3:55  Supply Depot  
  31  4:13  Widow Mine  
  31  4:14  Reaper, SCV  
  31  4:16  Supply Depot  
  32  4:56  SCV  
  30  5:09  SCV  
  28  5:22  Factory x2  
  28  5:23  Starport  
  28  5:26  Cyclone  
  31  5:30  Mag-Field Accelerator  
  31  5:35  Marine x2  
  31  5:36  Marine x2  
  35  5:44  Command Center, SCV  
  36  5:53  Marine x2  
  36  5:54  Marine x2  
  36  5:56  SCV  
  40  6:26  Factory Reactor  
  36  7:04  Factory Tech Lab  
  36  7:07  Orbital Command  
  36  7:22  Cyclone x2  
  42  7:25  Widow Mine x2  
  42  7:28  Refinery  
  42  7:29  Refinery  
  46  7:54  Cyclone  
  49  8:00  Hellion x3  
  49  8:02  Infernal Pre-Igniter  
  55  8:08  Orbital Command, Armory  
  55  8:21  Hellion x2  
  55  8:22  Hellion  
  63  8:27  Hellion  
  63  8:48  Medivac x2  
  67  8:57  Terran Vehicle Weapons Level 1  
  67  9:00  Hellbat x4  
  67  9:02  Barracks Tech Lab  
  75  9:18  Medivac  
  75  9:21  Hellbat x2  
  56  10:20  Siege Tank  
  56  10:21  Siege Tank  
  58  10:25  Hellbat x2  
  62  11:08  SCV x2  
  62  12:05  Supply Depot  
  62  12:06  Supply Depot  
  62  12:07  Supply Depot, Drilling Claws  
  62  12:08  Supply Depot  
  62  12:24  Starport  
  62  12:26  SCV x2  
  62  12:27  Siege Tank x2, Hellbat x2  
  62  12:29  Supply Depot x2  
  74  12:32  Supply Depot  
  74  12:38  SCV  
  74  12:39  SCV  
  76  12:51  SCV x2  
  78  13:05  Widow Mine x4  
  86  13:24  Supply Depot  
  86  13:33  Widow Mine x2  
  90  13:49  Supply Depot  
  82  14:12  Widow Mine x3  
  82  14:13  Widow Mine  
  84  14:40  Widow Mine  
  84  14:41  Widow Mine x3  
  41  15:09  Widow Mine  
Show
View Real Time Build Order
Export as new Build Order

SEASSEES Zerg 

Build Orders: Hatch First, Zergling Baneling 

Get SALT Encoding   

  12  0:01  Drone  
  13  0:12  Overlord  
  13  0:17  Drone  
  15  0:35  Drone x2  
  15  0:36  Drone  
  17  0:48  Drone  
  18  0:59  Hatchery  
  18  1:00  Drone  
  18  1:05  Extractor  
  18  1:08  Drone  
  18  1:20  Spawning Pool  
  18  1:22  Drone  
  18  1:29  Drone  
  19  1:39  Overlord  
  19  1:51  Drone  
  20  2:01  Drone  
  21  2:10  Queen  
  21  2:11  Queen  
  21  2:12  Metabolic Boost  
  26  2:15  Zergling x4  
  27  2:24  Drone x2  
  29  2:32  Overlord  
  29  2:35  Overlord  
  29  2:55  Zergling x6  
  32  3:04  Baneling Nest  
  32  3:05  Zergling x2  
  32  3:24  Zergling x2  
  32  3:25  Zergling x18  
  42  3:29  Overlord  
  42  3:50  Zergling x2  
  42  3:51  Zergling x4  
  45  3:57  Zergling x10  
  45  3:58  Zergling x4  
  45  4:02  Baneling x7  
  52  4:03  Baneling  
  52  4:05  Baneling  
  40  4:53  Zergling x10  
  40  4:54  Zergling x10  
  36  5:24  Lair, Drone  
  36  5:25  Drone x9  
  46  5:34  Roach Warren  
  43  6:24  Glial Reconstitution  
  43  6:30  Extractor  
  42  6:43  Baneling  
  42  6:44  Baneling x3  
  42  6:46  Drone  
  48  6:47  Drone x10  
  53  7:09  Hatchery, Extractor  
  53  7:11  Extractor  
  50  7:18  Evolution Chamber  
  50  7:20  Hydralisk Den  
  50  7:21  Evolution Chamber  
  46  7:55  Drone x2  
  46  7:56  Drone  
  46  7:58  Zerg Ground Armor Level 1, Zerg Missile Weapons Level 1  
  49  8:00  Overlord x6, Muscular Augments  
  49  8:23  Drone x12  
  60  8:36  Roach x3  
  58  9:03  Roach x9  
  64  9:36  Hydralisk x10  
  83  9:55  Roach  
  83  9:56  Hatchery, Roach  
  82  10:19  Roach  
  82  10:20  Roach  
  86  10:27  Hatchery  
  85  10:52  Hatchery  
  68  11:22  Roach x2  
  36  11:51  Drone x2  
  30  12:10  Drone  
  30  12:11  Drone  
  32  12:19  Drone  
  32  12:20  Drone  
  34  12:47  Drone x8  
  42  13:20  Drone  
  42  13:21  Drone x5  
  41  14:22  Roach  
  41  14:23  Roach x13  
Tags
 
Add a new tag
Caveats
  • Supply blocks, unpowered buildings, or Contaminate may cause inaccurate times.
  • Supply counts are checked every 10 seconds.